 Dungeon Crawl Stone Soup version 0.31-a0-963-ga325b2283a (webtiles) character file.

Game seed: 3707076111220645678

60 Arcadio the Grave Robber (level 4, -3/33 HPs)
             Began as a Ghoul Necromancer on Oct 24, 2023.
             Was a Believer of Cheibriados.
             Slain by Crazy Yiuf
             ... wielding a +2 quarterstaff of chaos
              (9 damage)
             ... on level 2 of the Dungeon.
             The game lasted 00:05:53 (1881 turns).

Arcadio the Grave Robber (Ghoul Necromancer)        Turns: 1881, Time: 00:05:57

Health: -3/33      AC:  2    Str: 22    XL:     4   Next: 6%
Magic:  3/6        EV: 12    Int: 17    God:    Cheibriados [**....]
Gold:   98         SH:  0    Dex: 14    Spells: 3/7 levels left

rFire   + . .        (no weapon)
rCold   + + .        (no shield)
rNeg    + + +        a - +0 robe
rPois   ∞            (no helmet)
rElec   +            (no cloak)
rCorr   +            (no gloves)
SInv    .            (no boots)
Will    .....        (no amulet)
Stlth   ++           l - +6 ring of strength
HPRegen 0.00/turn    (no ring)
MPRegen 0.10/turn

%: no passive effects
@: resistant, very slightly contaminated, inhibited regen, very slow
A: claws 1, cold resistance 1, negative energy resistance 3, inhibited
regeneration, torment resistance 2, devour on kill
a: Renounce Religion, Bend Time


You were on level 2 of the Dungeon.
You worshipped Cheibriados.
Cheibriados was pleased with you.
You visited 1 branch of the dungeon, and saw 2 of its levels.

You collected 98 gold pieces.

Inventory:

Armour
 a - a +0 robe (worn)
Jewellery
 l - a +6 ring of strength (left claw)
Scrolls
 d - 2 scrolls of vulnerability {unknown}
 e - a scroll of silence {unknown}
 g - a scroll of enchant weapon {unknown}
 i - 4 scrolls of revelation {unknown}
 k - 3 scrolls of identify {unknown}
 m - a scroll of blinking {unknown}
 p - a scroll of torment {unknown}
Potions
 c - 2 potions of enlightenment {unknown}
 f - a potion of cancellation {unknown}
 h - a potion of resistance {unknown}
 j - a potion of degeneration {unknown}
 n - a potion of brilliance {unknown}
 o - 3 potions of curing {unknown}


   Skills:
 + Level 2.6 Dodging
 - Level 2.1 Stealth
 + Level 2.4 Spellcasting
 + Level 4.5 Necromancy


You had 3 spell levels left.
You knew the following spells:

 Your Spells              Type           Power      Damage    Failure   Level
a - Necrotise             Necr           68%        1d7       3%          1
b - Vampiric Draining     Necr           17%        2d7       9%          3

Your spell library contained the following spells:

 Spells                   Type           Power      Damage    Failure   Level
 Freeze                   Ice            8%         1d3       19%         1
 Frozen Ramparts          Ice            4%         1d1       50%         3
 Hailstorm                Conj/Ice       2%         3d3       50%         3
 Animate Dead             Necr           17%        N/A       28%         4
 Agony                    Necr           17%        N/A       63%         5


Dungeon Overview and Level Annotations

Branches:
Dungeon (2/15) Zot: 15542

Altars:
Cheibriados

Shops:
D:1 *

Annotations:
D:2 Crazy Yiuf


Innate Abilities, Weirdness & Mutations

You are immune to poison.
You have sharp fingernails.
Your flesh is cold resistant. (rC+)
You are immune to negative energy. (rN+++)
You do not regenerate when monsters are visible.
You are immune to unholy pain and torment.
You thrive by killing the living.


Message History

You closely miss Crazy Yiuf.
Crazy Yiuf hits you with a +2 quarterstaff of chaos!
You feel protected.
Casting: Necrotise (safe; 3% risk of failure)
Confirm with . or Enter, or press ? or * to list all spells.
Aiming: Vampiric Draining (quite dangerous; 9% risk of failure)
Press: ? - help, Shift-Dir - straight line, f - Crazy Yiuf
Aim: Crazy Yiuf, wielding a +2 quarterstaff of chaos and wearing a +0 cloak You miscast Vampiric Draining.
You are very lightly contaminated with residual magic.
Nothing appears to happen.
Crazy Yiuf hits you with a +2 quarterstaff of chaos.
Unknown command.
Casting: Vampiric Draining (quite dangerous; 9% risk of failure)
Confirm with . or Enter, or press ? or * to list all spells.
Aiming: Vampiric Draining (quite dangerous; 9% risk of failure)
Press: ? - help, Shift-Dir - straight line, f/p - Crazy Yiuf
Aim: Crazy Yiuf, wielding a +2 quarterstaff of chaos and wearing a +0 cloak You draw life force from Crazy Yiuf!
You feel life coursing into your body.
Crazy Yiuf screams, "Whippet illywillydillykilly verde!"
Crazy Yiuf hits you with a +2 quarterstaff of chaos.
You barely miss Crazy Yiuf.
Crazy Yiuf is heavily wounded.
Crazy Yiuf grits, "Hack wrapper sow!"
Crazy Yiuf hits you with a +2 quarterstaff of chaos.
You scratch Crazy Yiuf but do no damage.
Crazy Yiuf is heavily wounded.
Crazy Yiuf hits you with a +2 quarterstaff of chaos!
* * * LOW HITPOINT WARNING * * *
Okay, then.
Magic courses through your body. Crazy Yiuf barely misses you.
Casting: Vampiric Draining (quite dangerous; 9% risk of failure)
Confirm with . or Enter, or press ? or * to list all spells.
Aiming: Vampiric Draining (quite dangerous; 9% risk of failure)
Press: ? - help, Shift-Dir - straight line, f/p - Crazy Yiuf
Aim: Crazy Yiuf, wielding a +2 quarterstaff of chaos and wearing a +0 cloak (heavily wounded)
You draw life force from Crazy Yiuf!
You feel life coursing into your body.
Crazy Yiuf laughs, "Snower light leg!"
Crazy Yiuf hits you with a +2 quarterstaff of chaos!
You die...

......>###.....#
.....#.....#####
.)....)....#
.....#####.# #####
##..## ### #).)#
##.# #...# #.## )))
#..# #g# ##.####
♣@♣♣ #....## ♣♣.♣ ##
####..# ♣.♣♣
.#######.# ♣♣.♣
.....###.### ♣♣.♣♣
#.)........# ♣♣P..♣
#.........## ♣..PP♣
#.........## ##..##
...........####....#


You could see Crazy Yiuf.

Vanquished Creatures
  A worm (D:2)
  2 dart slugs (D:1)
  3 endoplasms
  2 giant cockroaches (D:2)
  2 goblins
  6 hobgoblins
  6 kobolds
  3 quokkas (D:1)
  5 ball pythons
  8 bats
  11 frilled lizards
  3 rats (D:1)
52 creatures vanquished.

Vanquished Creatures (collateral kills)
  A frilled lizard (D:1)
1 creature vanquished.

Grand Total: 53 creatures vanquished

Notes
Turn   | Place    | Note
-------+----------+-------------------------------------------
     0 | D:1      | Arcadio the Ghoul Necromancer began the quest for the Orb.
     0 | D:1      | Reached XP level 1. HP: 14/14 MP: 2/2
   112 | D:1      | Reached XP level 2. HP: 11/20 MP: 0/3
   388 | D:1      | Reached XP level 3. HP: 21/26 MP: 0/5
   464 | D:1      | Found a faded altar of an unknown god.
   473 | D:1      | Prayed at the altar of an unknown god.
   473 | D:1      | Became a worshipper of Cheibriados the Contemplative
   473 | D:1      | Reached * piety under Cheibriados
   503 | D:1      | Found Xolec's Assorted Antiques.
  1108 | D:2      | Learned a level 3 spell: Vampiric Draining
  1171 | D:2      | Reached ** piety under Cheibriados
  1598 | D:2      | Found a runed translucent door.
  1599 | D:2      | Noticed Crazy Yiuf
  1711 | D:2      | Reached XP level 4. HP: 25/33 MP: 2/6
  1879 | D:2      | HP: 1/33 [Crazy Yiuf/+2 quarterstaff of chaos (9)]
  1881 | D:2      | Slain by Crazy Yiuf

Illustrated notes

Levels and vault maps discovered:
D:1:      heliophobic_arrival_enchanted_forest, layout_basic,
          basic_ecumenical_altar, serial_shops,
          nicolae_shop_tiny_real_fake_doors, minmay_lizard_king
D:2:      layout_rooms, minmay_misc_feat_diagonals, uniq_crazy_yiuf_cottage

Skill      XL: |  1  2 |
---------------+-------+-----
Dodging        | 2 |  2.6
Spellcasting   | 2 |  2.4
Stealth        | |  2.1
Necromancy     | |  4.5

Action                     |  1- 3 |  4- 6 || total
---------------------------+-------+-------++-------
  Melee: Unarmed           |    72 |     4 ||    76
   Cast: Necrotise         |    77 |       ||    77
         Vampiric Draining |       |     2 ||     2
    Use: Potion            |       |     1 ||     1
   Stab: Sleeping          |     3 |       ||     3
 Armour: Robe              |    35 |     6 ||    41
  Dodge: Dodged            |    50 |     1 ||    51

Table legend: (Time is in decaauts)
 A = Elapsed time spent in this place.
 B = Non-inter-level travel time spent in this place.
 C = Inter-level travel time spent in this place.
 D = Time resting spent in this place.
 E = Time spent auto-exploring this place.
 F = Levels seen in this place.
 G = Mean time per level.
                   A        B        C        D        E       F      G
               +--------+--------+--------+--------+--------+-----+--------+
         Total |   2219 |   2212 |      7 |      0 |   1887 |   2 | 1109.5 |
       Dungeon |   2219 |   2212 |      7 |      0 |   1887 |   2 | 1109.5 |
               +--------+--------+--------+--------+--------+-----+--------+

Top non-repeatable levels by time:
     D:1: 1236 daAuts
     D:2: 982 daAuts
